 Dungeon Sprint DCSS version 0.24-a0-616-ge2a249a6fd (webtiles) character file.

Game seed: 4060394157113233696, levelgen mode: deterministic

511 MordorOrchid the Prestidigitator (level 6, -1/59 HPs)
             Began as a Troll Transmuter on Sept 14, 2019.
             Was a Follower of Sif Muna.
             Slain by an orc warrior
             ... wielding a +4 scimitar of draining
              (9 damage)
             ... in the Dungeon (Sprint IX: "|||||||||||||||||||||||||||||").
             The game lasted 00:02:14 (171 turns).

MordorOrchid the Prestidigitator (Troll Transmuter)  Turns: 171, Time: 00:02:15

Health: -1/59      AC:  7    Str: 22    XL:     6   Next: 99%
Magic:  6/12       EV: 10    Int: 11    God:    Sif Muna [*.....]
Gold:   0          SH:  0    Dex: 13    Spells: 6/9 levels left

rFire    . . .     SeeInvis .     - Unarmed
rCold    . . .     Gourm    +   (no shield)
rNeg     . . .     Faith    .   b - +0 robe
rPois    .         Spirit   .   (helmet restricted)
rElec    .         Reflect  .   p - +0 cloak
rCorr    .         Harm     .   (gloves unavailable)
MR       .....     NoTele   +   (boots unavailable)
Stlth    +.........             (no amulet)
HPRegen  0.59/turn              q - +3 ring of strength
MPRegen  0.13/turn              r - +3 ring of dexterity

@: appendage (expiring), very slightly contaminated, drained, invisible
(expiring)
A: large, unfitting armour, claws 3, talons 3, fast metabolism 3, gourmand,
regeneration 1, shaggy fur 1, tough skin 3
a: End Transformation, Channel Magic, Renounce Religion


You were in the Dungeon.
You worshipped Sif Muna.
Sif Muna was aware of your devotion.
You were not hungry.
You had grown temporary talons.
You visited 1 branch

Inventory:

Hand Weapons
 n - a +2 rapier of venom
 o - a +2 scimitar of flaming
Missiles
 a - 12 arrows
Armour
 b - a +0 robe (worn)
 p - a +0 cloak (worn)
Magical Staves
 x - an uncursed staff of energy
Jewellery
 q - a +3 ring of strength (left claw)
 r - a +3 ring of dexterity (right claw)
Wands
 m - a wand of acid (10)
Scrolls
 j - 2 scrolls of blinking
 k - 3 scrolls of remove curse
 l - 2 scrolls of amnesia
Potions
 e - 5 potions of curing
 f - 3 potions of heal wounds
 g - a potion of haste
 h - 4 potions of magic
 i - a potion of berserk rage
Comestibles
 d - 2 rations


   Skills:
 * Level 2.9(1.8) Fighting
 - Level 2.5(1.5) Dodging
 + Level 7.2(6.0) Unarmed Combat
 - Level 2.1(1.1) Spellcasting
 - Level 2.1(1.1) Transmutations
 - Level 9.4(8.1) Evocations


You had 6 spell levels left.
You knew the following spells:

 Your Spells              Type           Power        Failure   Level  Hunger
a - Beastly Appendage     Tmut           #.....       21%         1    ##.....
s - Sticks to Snakes      Tmut           #.......     30%         2    ###....

Your spell library contained the following spells:

 Spells                   Type           Power        Failure   Level  Hunger
 Spider Form              Tmut/Pois      #.........   58%         3    ####...
 Ice Form                 Ice/Tmut       #.......     94%         4    #####..
 Blade Hands              Tmut           #.........   99%         5    ######.


Dungeon Overview and Level Annotations

Branches:
Dungeon (1/1)

Altars:
Cheibriados
Dithmenos
Elyvilon
Fedhas
Gozag
Hepliaklqana
Kikubaaqudgha
Makhleb
Nemelex Xobeh
Okawaru
Qazlal
Ru
Sif Muna
Trog
Uskayaw
Vehumet
Wu Jian
Xom
Yredelemnul
Zin
The Shining One
Beogh
Jiyva
Lugonu


Innate Abilities, Weirdness & Mutations

You are too large for most types of armour.
You have claws for hands.
Your metabolism is lightning-fast.
You like to eat raw meat.
Your natural rate of healing is unusually fast.
You are covered in fur. (AC +1)
You have extremely tough skin. (AC +3)
You have claws for feet.


Message History

Sif Muna accepts your kill.
Your Unarmed Combat skill increases to level 7!
You scratch the orc warrior but do no damage.
You claw the orc warrior, but do no damage.
The orc warrior hits you with a +4 scimitar of draining.
You feel drained.
You closely miss the orc warrior. You claw the orc warrior. x2
The orc warrior is lightly wounded.
You closely miss the orc warrior.
The orc warrior is lightly wounded.
You flicker for a moment.
The orc warrior hits you with a +4 scimitar of draining!
You feel drained.
You scratch the orc warrior.
You claw the orc warrior, but do no damage.
The orc warrior is moderately wounded.
The orc warrior hits you with a +4 scimitar of draining!!
* * * LOW HITPOINT WARNING * * *
You feel drained.
You die... ▓▓▓▓▓▓▓▓▓▓▓▓▓▓▓▓▓▓▓▓▓▓▓ +....o@'..[[.)...'_____ ▓▓▓▓▓▓▓▓▓▓▓▓▓▓▓▓▓▓▓▓▓▓▓

You could see an orc warrior.

Vanquished Creatures
  A troll (D)
  A hungry ghost (D)
  A big kobold (D)
  A wight (D)
  A crimson imp (D)
  2 adder zombies (D)
  An orc (D)
  A bat (D)
  A hobgoblin (D)
  A kobold (D)
  A ball python skeleton (D)
  A frilled lizard (D)
  2 rats (D)
15 creatures vanquished.

Notes
Turn   | Place    | Note
-------+----------+-------------------------------------------
     0 | D        | MordorOrchid the Troll Transmuter began the quest for the
                  | Orb.
     0 | D        | Reached XP level 1. HP: 18/18 MP: 1/1
    33 | D        | Noticed a crimson imp
    36 | D        | Reached XP level 2. HP: 20/26 MP: 0/3
    48 | D        | Reached skill level 1 in Fighting
    51 | D        | Reached skill level 5 in Unarmed Combat
    68 | D        | Killed a crimson imp
    68 | D        | Reached XP level 3. HP: 32/35 MP: 0/5
    80 | D        | Found a roughly hewn altar of Beogh.
    80 | D        | Found a snail-covered altar of Cheibriados.
    80 | D        | Found a shadowy altar of Dithmenos.
    80 | D        | Found a white marble altar of Elyvilon.
    80 | D        | Found a blossoming altar of Fedhas.
    80 | D        | Found an opulent altar of Gozag.
    81 | D        | Found a hazy altar of Hepliaklqana.
    82 | D        | Found a viscous altar of Jiyva.
    83 | D        | Found an ancient bone altar of Kikubaaqudgha.
    84 | D        | Found a corrupted altar of Lugonu.
    85 | D        | Found a burning altar of Makhleb.
    86 | D        | Found a sparkling altar of Nemelex Xobeh.
    87 | D        | Found an iron altar of Okawaru.
    88 | D        | Found a stormy altar of Qazlal.
    89 | D        | Found a sacrificial altar of Ru.
    90 | D        | Found a shimmering blue altar of Sif Muna.
    91 | D        | Found a bloodstained altar of Trog.
    92 | D        | Found a hide-covered altar of Uskayaw.
    93 | D        | Found a radiant altar of Vehumet.
    94 | D        | Found an ornate altar of the Wu Jian Council.
    95 | D        | Found a shimmering altar of Xom.
    96 | D        | Found a basalt altar of Yredelemnul.
    97 | D        | Found a glowing silver altar of Zin.
    98 | D        | Became a worshipper of Sif Muna the Loreminder
    99 | D        | Found a glowing golden altar of the Shining One.
   136 | D        | Learned a level 2 spell: Sticks to Snakes
   138 | D        | Noticed an orc warrior
   138 | D        | Noticed a big kobold
   138 | D        | Noticed a troll
   138 | D        | Noticed a hungry ghost
   146 | D        | Killed a hungry ghost
   146 | D        | Reached skill level 6 in Evocations
   146 | D        | Reached XP level 4. HP: 42/42 MP: 4/7
   146 | D        | Reached XP level 5. HP: 49/49 MP: 4/8
   150 | D        | Killed a troll
   150 | D        | Reached skill level 9 in Evocations
   150 | D        | Reached XP level 6. HP: 49/57 MP: 5/12
   151 | D        | Reached * piety under Sif Muna
   171 | D        | Slain by an orc warrior

Levels and vault maps discovered:
D:        linesprint [early_d, line_temple, items_1, d_10, items_2, lair_1,
          lair_end, items_3, orc_1, orc_end, items_4, d_15, swamp_1, shoals_1,
          snake_1, spider_1, d_20, vaults_1, items_5, swamp_end, shoals_end,
          snake_end, spider_end, vaults_end, d_27, items_6, zot_1, zot_end,
          crypt_end, forest_end, elf_end, slime_end, tomb_end, abyss_end,
          pan_hell_end]

Skill      XL: |  1  2  3  4  5  6 |
---------------+-------------------+-----
Unarmed Combat | 4 5 7 |  7.2
Fighting       | 1 2 |  2.9
Dodging        | 2 |  2.5
Spellcasting   | 2 |  2.1
Transmutations | 2 |  2.1
Evocations     | 6 9 |  9.4

Action                   |  1- 3 |  4- 6 || total
-------------------------+-------+-------++-------
Melee: Unarmed           |    39 |    23 ||    62
       Headbutt          |     1 |       ||     1
       Kick              |     2 |     4 ||     6
       Punch             |       |     2 ||     2
 Cast: Beastly Appendage |     3 |     1 ||     4
  Use: Potion            |     1 |       ||     1
 Stab: Sleeping          |     1 |       ||     1
       Invisible         |       |     6 ||     6
  Eat: Chunk             |     4 |       ||     4
Armor: Robe              |     9 |     2 ||    11
Dodge: Dodged            |    17 |    10 ||    27

Table legend:
 A = Non-vault XP
 B = Vault XP
 C = Vault XP percentage of total XP
 D = Non-vault monster count
 E = Vault monster count
 F = Vault count percentage of total count
                 A         B        C        D         E       F
            +---------+---------+-------+---------+---------+-------
      Total |       0 |     731 | 100.0 |       0 |      15 | 100.0
            +---------+---------+-------+---------+---------+-------
          D |       0 |     731 | 100.0 |       0 |      15 | 100.0
            +---------+---------+-------+---------+---------+-------
